NCAA
TEXAS TECH RED RAIDERS @ MICHIGAN STATE SPARTANS
04/03/2024
 
TOP OF THE 1ST
Texas Tech Red Raiders batting - Pitching for Michigan State Spartans : RHP José Martínez
Pitching: RHP José Martínez
Batting: RHB Donovan James 0-0: Called Strike
0-1: Fly out, F8 (Flyball, 8RM)
Batting: RHB Bruce Jones 0-0: Called Strike
0-1: Ball
1-1: Foul Ball, location: 2F
1-2: Foul Ball, location: 2F
1-2: Ball
2-2: SINGLE (Groundball, 56D)
Batting: LHB Micheal Morgan 0-0: Ball
1-0: Called Strike
1-1: SINGLE (Flyball, 8LS)
Bruce Jones to second
Batting: RHB Oliver Todd 0-0: SINGLE (Popup, 89S)
Bruce Jones to third
Micheal Morgan to second
Runner from 3rd tries for Home, SAFE, throw made home
Batting: LHB Albert Cardona 0-0: DOUBLE (Line Drive, 7LM)
Micheal Morgan scores
Oliver Todd to third
Batting: RHB Steven Hill 0-0: Ball
1-0: Ball
2-0: Called Strike
2-1: Ball
3-1: Base on Balls
Batting: RHB Casey Fox 0-0: Foul Ball, location: 2F
0-1: Hit by Pitch
Oliver Todd scores
Albert Cardona to third
Steven Hill to second
Batting: RHB Terry Whitney 0-0: Ball
1-0: Swinging Strike
1-1: Ball
2-1: Fielders Choice at 2nd, 4-6 (Groundball, 4M)
Albert Cardona scores
Steven Hill to third
Batting: RHB Jorge Calderón 0-0: Called Strike
0-1: Called Strike
0-2: Ball
1-2: Ball
2-2: Ball
3-2: Base on Balls
Terry Whitney to second
Batting: RHB Donovan James 0-0: Called Strike
0-1: Ball
1-1: Called Strike
1-2: Foul Ball, location: 2F
1-2: Ball
2-2: Fly out, F9 (Flyball, 9M)
Top of the 1st over - 4 run(s), 4 hit(s), 0 error(s), 3 left on base; Texas Tech 4 - Michigan State 0
BOTTOM OF THE 1ST
Michigan State Spartans batting - Pitching for Texas Tech Red Raiders : LHP John Knight
Pitching: LHP John Knight
Batting: SHB Wayne Matthews 0-0: Called Strike
0-1: Foul Ball, location: 2F
0-2: Ball
1-2: Ball
2-2: Ground out 4-3 (Groundball, 4)
Batting: RHB Juan García 0-0: Called Strike
0-1: Fly out, F7 (Line Drive, 78M)
Batting: RHB Terry West 0-0: Ball
1-0: Ball
2-0: Called Strike
2-1: Ball
3-1: Swinging Strike
3-2: Foul Ball, location: 2F
3-2: Base on Balls
Batting: LHB Troy Jackson 0-0: SINGLE (Line Drive, 56D)
Terry West to second
Batting: SHB Edmond Richardson 0-0: Called Strike
0-1: Ball
1-1: Ball
2-1: Foul Ball, location: 2F
2-2: Strikes out looking
Bottom of the 1st over - 0 run(s), 1 hit(s), 0 error(s), 2 left on base; Texas Tech 4 - Michigan State 0
TOP OF THE 2ND
Texas Tech Red Raiders batting - Pitching for Michigan State Spartans : RHP José Martínez
Batting: RHB Bruce Jones 0-0: Called Strike
0-1: Foul Ball, location: 2F
0-2: Ball
1-2: Strikes out swinging
Batting: LHB Micheal Morgan 0-0: Ground out U3 (Groundball, 3L)
Batting: RHB Oliver Todd 0-0: Ball
1-0: Swinging Strike
1-1: Ball
2-1: Ball
3-1: Reached on Error, E8 (Flyball, 8LM)
Batting: LHB Albert Cardona 0-0: Ball
1-0: Ball
2-0: Ball
3-0: Swinging Strike
3-1: Foul Ball, location: 2F
3-2: Strikes out swinging
Top of the 2nd over - 0 run(s), 0 hit(s), 1 error(s), 1 left on base; Texas Tech 4 - Michigan State 0
BOTTOM OF THE 2ND
Michigan State Spartans batting - Pitching for Texas Tech Red Raiders : LHP John Knight
Batting: RHB Andrew Holmes 0-0: Ball
1-0: Foul Ball, location: 2F
1-1: Ball
2-1: Ball
3-1: Fly out, F8 (Flyball, 8LM)
Batting: RHB David Bautista 0-0: Ball
1-0: Called Strike
1-1: Called Strike
1-2: Ground out 1-3 (Groundball, 13)
Batting: RHB Herman O'Gleason 0-0: Swinging Strike
0-1: Ball
1-1: Swinging Strike
1-2: Foul Ball, location: 2F
1-2: Strikes out swinging
Bottom of the 2nd over - 0 run(s), 0 hit(s), 0 error(s), 0 left on base; Texas Tech 4 - Michigan State 0
TOP OF THE 3RD
Texas Tech Red Raiders batting - Pitching for Michigan State Spartans : RHP José Martínez
Batting: RHB Steven Hill 0-0: Ball
1-0: Ground out 5-3 (Groundball, 56)
Batting: RHB Casey Fox 0-0: Foul Ball, location: 2F
0-1: Fly out, F8 (Flyball, 8LM)
Batting: RHB Terry Whitney 0-0: SINGLE (Line Drive, 4M)
Batting: RHB Jorge Calderón 0-0: Fly out, F7 (Flyball, 78D)
Top of the 3rd over - 0 run(s), 1 hit(s), 0 error(s), 1 left on base; Texas Tech 4 - Michigan State 0
BOTTOM OF THE 3RD
Michigan State Spartans batting - Pitching for Texas Tech Red Raiders : LHP John Knight
Batting: LHB Steve Williams 0-0: Ball
1-0: Ball
2-0: Ball
3-0: Called Strike
3-1: Foul Ball, location: 2F
3-2: Foul Ball, location: 2F
3-2: Foul Ball, location: 2F
3-2: Base on Balls
Batting: SHB Wayne Matthews 0-0: Foul Ball, location: 2F
0-1: Ball
1-1: Ground out 5-3 (Groundball, 5S)
Steve Williams to second
Batting: RHB Juan García 0-0: Ball
Wild Pitch!
Steve Williams to third
1-0: Called Strike
1-1: DOUBLE (Groundball, 5L)
Steve Williams scores
Batting: RHB Terry West 0-0: Ball
1-0: SINGLE (Groundball, 56D)
Juan García to third
Batting: LHB Troy Jackson 0-0: Ball
1-0: Ball
2-0: Foul Ball, location: 2F
2-1: Reached on error, E6 (Groundball, 6)
Juan García scores
Terry West to second
Batting: SHB Edmond Richardson 0-0: Foul Ball, location: 2F
0-1: Ball
1-1: 3-RUN HOME RUN (Line Drive, 78XD), Distance : 377 ft
Batting: RHB Andrew Holmes 0-0: Foul Ball, location: 2F
0-1: Swinging Strike
0-2: Ball
1-2: Strikes out looking
Batting: RHB David Bautista 0-0: Called Strike
0-1: Foul Ball, location: 2F
0-2: SINGLE (Line Drive, 6M)
Batting: RHB Herman O'Gleason 0-0: Fly out, F4 (Popup, 34)
Bottom of the 3rd over - 5 run(s), 4 hit(s), 1 error(s), 1 left on base; Texas Tech 4 - Michigan State 5
TOP OF THE 4TH
Texas Tech Red Raiders batting - Pitching for Michigan State Spartans : RHP José Martínez
Batting: RHB Donovan James 0-0: Ball
1-0: Foul Ball, location: 2F
1-1: Ground out 6-3 (Groundball, 6)
Batting: RHB Bruce Jones 0-0: Ball
1-0: SOLO HOME RUN (Line Drive, 7D), Distance : 366 ft
Batting: LHB Micheal Morgan 0-0: Ball
1-0: SINGLE (Groundball, 34D)
Batting: RHB Oliver Todd 0-0: Foul Ball, location: 2F
0-1: SINGLE (Line Drive, 8LS)
Micheal Morgan to second
Batting: LHB Albert Cardona 0-0: SINGLE (Line Drive, 78M)
Micheal Morgan to third
Oliver Todd to second
Batting: RHB Steven Hill 0-0: Ball
1-0: Ball
2-0: Ball
3-0: Called Strike
3-1: Swinging Strike
3-2: Base on Balls
Micheal Morgan scores
Oliver Todd to third
Albert Cardona to second
Batting: RHB Casey Fox 0-0: Called Strike
0-1: Ball
1-1: Called Strike
1-2: SINGLE (Groundball, 13) (infield hit)
Oliver Todd scores
Albert Cardona to third
Steven Hill to second
Batting: RHB Terry Whitney 0-0: Foul Ball, location: 2F
0-1: Ball
1-1: Ball
2-1: Swinging Strike
2-2: Foul Ball, location: 2F
2-2: Foul Ball, location: 2F
2-2: Strikes out swinging
Pitching: LHP Ricardo García
Batting: RHB Jorge Calderón 0-0: Foul Ball, location: 2F
0-1: Ball
1-1: Ball
2-1: Fly out, F7 (Flyball, 78M)
Top of the 4th over - 3 run(s), 5 hit(s), 0 error(s), 3 left on base; Texas Tech 7 - Michigan State 5
BOTTOM OF THE 4TH
Michigan State Spartans batting - Pitching for Texas Tech Red Raiders : LHP John Knight
Batting: LHB Steve Williams 0-0: Foul Ball, location: 2F
0-1: Called Strike
0-2: Ball
1-2: Strikes out looking
Batting: SHB Wayne Matthews 0-0: Fly out, F8 (Flyball, 8RM)
Batting: RHB Juan García 0-0: Ball
1-0: Ground out 6-3 (Groundball, 6)
Bottom of the 4th over - 0 run(s), 0 hit(s), 0 error(s), 0 left on base; Texas Tech 7 - Michigan State 5
TOP OF THE 5TH
Texas Tech Red Raiders batting - Pitching for Michigan State Spartans : LHP Ricardo García
Batting: RHB Donovan James 0-0: Ball
1-0: Foul Ball, location: 2F
1-1: SINGLE (Groundball, 6MD)
Batting: RHB Bruce Jones 0-0: Called Strike
Donovan James steals 2nd base
0-1: Foul Ball, location: 2F
0-2: 2-RUN HOME RUN (Flyball, 7D), Distance : 364 ft
Batting: LHB Micheal Morgan 0-0: Ball
1-0: Ball
2-0: Ground out 4-3 (Groundball, 4)
Batting: RHB Oliver Todd 0-0: Foul Ball, location: 2F
0-1: Ball
1-1: Called Strike
1-2: Foul Ball, location: 2F
1-2: Strikes out swinging
Batting: LHB Albert Cardona 0-0: Fly out, F5 (Popup, 25F)
Top of the 5th over - 2 run(s), 2 hit(s), 0 error(s), 0 left on base; Texas Tech 9 - Michigan State 5
BOTTOM OF THE 5TH
Michigan State Spartans batting - Pitching for Texas Tech Red Raiders : LHP John Knight
Batting: RHB Terry West 0-0: Ball
1-0: Ball
2-0: Ball
3-0: Base on Balls
Batting: LHB Troy Jackson 0-0: Called Strike
0-1: Called Strike
0-2: Ball
1-2: Strikes out swinging
Pitching: LHP Mitchell Jenkins
Batting: SHB Edmond Richardson 0-0: Ball
1-0: Ball
2-0: Called Strike
2-1: Foul Ball, location: 2F
2-2: Ball
3-2: Strikes out swinging
Batting: RHB Andrew Holmes 0-0: Called Strike
0-1: SINGLE (Groundball, 6D)
Terry West to second
Batting: RHB David Bautista 0-0: Ball
1-0: Foul Ball, location: 2F
1-1: Swinging Strike
1-2: Foul Ball, location: 2F
1-2: Hit by Pitch
Terry West to third
Andrew Holmes to second
Batting: RHB Herman O'Gleason 0-0: Ball
1-0: Ball
2-0: Fly out, F7 (Flyball, 7M)
Bottom of the 5th over - 0 run(s), 1 hit(s), 0 error(s), 3 left on base; Texas Tech 9 - Michigan State 5
TOP OF THE 6TH
Texas Tech Red Raiders batting - Pitching for Michigan State Spartans : LHP Ricardo García
Batting: RHB Steven Hill 0-0: SINGLE (Groundball, 56S)
Batting: RHB Casey Fox 0-0: Ball
1-0: Swinging Strike
1-1: Swinging Strike
1-2: Ball
2-2: Foul Ball, location: 2F
2-2: Ball
Steven Hill is caught stealing 2nd base
3-2: Foul Ball, location: 2F
3-2: Base on Balls
Batting: RHB Terry Whitney 0-0: Called Strike
0-1: Ball
1-1: Ball
2-1: SINGLE (Line Drive, 7S)
Casey Fox to second
Batting: RHB Jorge Calderón 0-0: Ball
1-0: Swinging Strike
1-1: Called Strike
1-2: Grounds into double play, 4-6-3 (Groundball, 4)
Top of the 6th over - 0 run(s), 2 hit(s), 0 error(s), 1 left on base; Texas Tech 9 - Michigan State 5
BOTTOM OF THE 6TH
Michigan State Spartans batting - Pitching for Texas Tech Red Raiders : LHP Mitchell Jenkins
Batting: LHB Steve Williams 0-0: Foul Ball, location: 2F
0-1: Fly out, F7 (Flyball, 7M)
Batting: SHB Wayne Matthews 0-0: Foul Ball, location: 2F
0-1: Fly out, F9 (Flyball, 9S)
Batting: RHB Juan García 0-0: Ground out 5-3 (Groundball, 56)
Bottom of the 6th over - 0 run(s), 0 hit(s), 0 error(s), 0 left on base; Texas Tech 9 - Michigan State 5
TOP OF THE 7TH
Texas Tech Red Raiders batting - Pitching for Michigan State Spartans : LHP Ricardo García
Pitching: LHP Bob Nash
Batting: RHB Donovan James 0-0: Ball
1-0: Foul Ball, location: 2F
1-1: Ball
2-1: Ball
3-1: Base on Balls
Batting: RHB Bruce Jones 0-0: Ball
1-0: Ball
2-0: Ball
3-0: Called Strike
3-1: Base on Balls
Donovan James to second
Batting: LHB Micheal Morgan 0-0: Ball
1-0: SINGLE (Line Drive, 4D)
Donovan James to third
Bruce Jones to second
Runner from 3rd tries for Home, SAFE, no throw or cutoff
Batting: RHB Oliver Todd 0-0: Swinging Strike
0-1: Swinging Strike
0-2: Ball
1-2: Strikes out swinging
Batting: LHB Albert Cardona 0-0: Called Strike
0-1: Foul Ball, location: 2F
0-2: Ball
1-2: Strikes out swinging
Batting: RHB Steven Hill 0-0: Ball
1-0: Ball
2-0: Ball
3-0: Hit by Pitch
Bruce Jones to third
Micheal Morgan to second
Batting: RHB Casey Fox 0-0: Called Strike
0-1: Ball
1-1: Fly out, F7 (Flyball, 8LXD)
Top of the 7th over - 1 run(s), 1 hit(s), 0 error(s), 3 left on base; Texas Tech 10 - Michigan State 5
BOTTOM OF THE 7TH
Michigan State Spartans batting - Pitching for Texas Tech Red Raiders : LHP Mitchell Jenkins
Batting: RHB Terry West 0-0: Called Strike
0-1: Called Strike
0-2: Ball
1-2: Fly out, F2 (Popup, 25F)
Batting: LHB Troy Jackson 0-0: Called Strike
0-1: Ball
1-1: Foul Ball, location: 2F
1-2: Strikes out swinging
Batting: SHB Edmond Richardson 0-0: SOLO HOME RUN (Flyball, 7D), Distance : 370 ft
Batting: RHB Andrew Holmes 0-0: Ball
1-0: Ball
2-0: Ball
3-0: Base on Balls
Batting: RHB David Bautista 0-0: Called Strike
0-1: Ball
1-1: Foul Ball, location: 2F
1-2: Ball
2-2: Fly out, F9 (Flyball, 9M)
Bottom of the 7th over - 1 run(s), 1 hit(s), 0 error(s), 1 left on base; Texas Tech 10 - Michigan State 6
TOP OF THE 8TH
Texas Tech Red Raiders batting - Pitching for Michigan State Spartans : LHP Bob Nash
Batting: RHB Terry Whitney 0-0: Called Strike
0-1: Ball
1-1: Ball
2-1: Ball
3-1: Base on Balls
Batting: RHB Jorge Calderón 0-0: Sac Bunt - play at first, batter OUT! 1-3
Terry Whitney to second
Batting: RHB Donovan James 0-0: Called Strike
0-1: Ball
1-1: Ball
2-1: Foul Ball, location: 2F
2-2: Ball
3-2: Base on Balls
Batting: RHB Bruce Jones 0-0: Grounds into double play, 6-4-3 (Groundball, 6)
Top of the 8th over - 0 run(s), 0 hit(s), 0 error(s), 1 left on base; Texas Tech 10 - Michigan State 6
BOTTOM OF THE 8TH
Michigan State Spartans batting - Pitching for Texas Tech Red Raiders : LHP Mitchell Jenkins
Pitching: RHP Joe Allen
Batting: RHB Herman O'Gleason 0-0: Ball
1-0: DOUBLE (Line Drive, 8RM)
Batting: LHB Steve Williams 0-0: Called Strike
0-1: Foul Ball, location: 2F
0-2: Ball
1-2: Foul Ball, location: 2F
1-2: Foul Ball, location: 2F
1-2: Foul Ball, location: 2F
1-2: Foul Ball, location: 2F
1-2: Ball
2-2: Ball
Wild Pitch!
Herman O'Gleason to third
3-2: Foul Ball, location: 2F
3-2: Base on Balls
Pitching: LHP Doug Hamm
Batting: SHB Wayne Matthews 0-0: Ball
1-0: Ball
2-0: Ball
3-0: Called Strike
3-1: Base on Balls
Steve Williams to second
Pitching: RHP A.J. Wellman
Batting: RHB Juan García 0-0: Ball
1-0: Ball
2-0: Called Strike
2-1: Grounds into double play, 6-4-3 (Groundball, 6)
Herman O'Gleason scores
Steve Williams to third
Batting: RHB Terry West 0-0: Fly out, F9 (Flyball, 9LM)
Bottom of the 8th over - 1 run(s), 1 hit(s), 0 error(s), 1 left on base; Texas Tech 10 - Michigan State 7
TOP OF THE 9TH
Texas Tech Red Raiders batting - Pitching for Michigan State Spartans : RHP Darren Payne
Pitching: RHP Darren Payne
Batting: LHB Micheal Morgan 0-0: Called Strike
0-1: Ball
1-1: Foul Ball, location: 2F
1-2: Fly out, F7 (Line Drive, 78M)
Pitching: RHP Brad Clay
Now in LF: Jorge Carranza
Batting: RHB Oliver Todd 0-0: Ball
1-0: Swinging Strike
1-1: Swinging Strike
1-2: Strikes out looking
Batting: LHB Albert Cardona 0-0: Fly out, F9 (Line Drive, 89M)
Top of the 9th over - 0 run(s), 0 hit(s), 0 error(s), 0 left on base; Texas Tech 10 - Michigan State 7
BOTTOM OF THE 9TH
Michigan State Spartans batting - Pitching for Texas Tech Red Raiders : RHP A.J. Wellman
Pitching: RHP Ben Rivera
Now at SS: Chet Norris
Batting: LHB Troy Jackson 0-0: Ball
1-0: Fly out, F4 (Popup, 34D)
Batting: SHB Edmond Richardson 0-0: Ball
1-0: Ball
2-0: Ball
3-0: Called Strike
3-1: Base on Balls
Batting: RHB Andrew Holmes 0-0: Called Strike
0-1: Foul Ball, location: 2F
0-2: Ball
1-2: Strikes out swinging
Batting: RHB David Bautista 0-0: Ball
1-0: Fly out, F7 (Line Drive, 7M)
Bottom of the 9th over - 0 run(s), 0 hit(s), 0 error(s), 1 left on base; Texas Tech 10 - Michigan State 7
This league is powered by Out of the Park Baseball, the baseball management simulation game for PC, Mac and Linux
Saturday, April 9th, 2016 - OOTP Baseball 16.8 Build 38